Map: Blueshift LE

Players

middleman - Winner!

  • Race: Protoss Protoss
  • League: Gold
  • Spawn Location: 7:00

BrutsliskFan

  • Race: Zerg Zerg
  • League: Bronze
  • Spawn Location: 1:00

VOD

Have the link to the VOD?

Description

Time

  • Played on: Dec. 5, 2018, 5:14 p.m.
  • Length: 8:04
Show
View Real Time Build Order
Export as new Build Order

middleman Protoss - Winner!

Build Orders: 1 Gate Expand 

Get SALT Encoding   

  1  0:00  Probe  
  12  0:06  Probe  
  14  0:27  Pylon  
  14  0:30  Probe  
  15  0:48  Probe  
  16  0:51  Gateway  
  16  1:00  Probe  
  17  1:12  Probe  
  18  1:24  Probe, Nexus  
  19  1:33  Assimilator  
  19  1:40  Pylon  
  19  1:59  Cybernetics Core  
  19  2:03  Gateway  
  19  2:10  Warp Gate  
  19  2:12  Pylon  
  19  2:16  Probe  
  20  2:24  Probe  
  20  2:25  Assimilator  
  21  2:31  Zealot  
  23  2:41  Probe  
  23  2:45  Probe  
  25  3:00  Probe, Assimilator  
  25  3:02  Probe  
  25  3:05  Assimilator  
  27  3:12  Probe  
  28  3:14  Probe  
  28  3:15  Pylon  
  28  3:17  Pylon  
  29  3:24  Probe  
  29  3:26  Probe  
  31  3:29  Stalker  
  33  3:36  Probe  
  34  3:44  Probe  
  36  3:48  Probe  
  36  3:56  Probe  
  36  4:00  Probe  
  38  4:05  Probe  
  39  4:12  Probe, Twilight Council  
  39  4:13  Probe  
  40  4:17  Stalker  
  40  4:18  Stalker  
  45  4:24  Probe  
  46  4:44  Probe  
  46  4:45  Probe  
  48  4:47  Gateway  
  48  4:49  Gateway  
  48  4:52  Gateway  
  48  4:56  Probe  
  48  4:57  Probe  
  50  5:01  Dark Shrine  
  50  5:04  Stalker x2  
  54  5:07  Probe  
  54  5:08  Probe  
  54  5:13  Blink  
  56  5:33  Stalker, Robotics Facility  
  56  5:34  Stalker  
  60  5:45  Stalker  
  62  6:00  Shield Battery  
  62  6:03  Shield Battery  
  62  6:04  Shield Battery  
  62  6:24  Pylon  
  62  6:26  Pylon  
  62  6:28  Pylon  
  62  6:31  Pylon  
  62  6:43  Dark Templar x3  
  62  6:44  Dark Templar x2  
  72  7:23  Nexus  
Show
View Real Time Build Order
Export as new Build Order

BrutsliskFan Zerg 

Build Orders: Pool First 

Get SALT Encoding   

  12  0:02  Drone  
  13  0:11  Drone  
  14  0:17  Overlord  
  14  0:32  Extractor  
  14  0:33  Drone  
  14  0:38  Drone x2  
  16  0:50  Drone  
  17  1:00  Drone  
  18  1:09  Drone  
  20  1:18  Drone  
  20  1:31  Spawning Pool  
  19  1:58  Drone  
  20  2:04  Overlord  
  20  2:12  Drone  
  20  2:13  Drone  
  22  2:21  Queen  
  24  2:27  Drone  
  25  2:37  Drone  
  26  2:51  Zergling x2  
  26  2:55  Zergling x2  
  26  2:57  Queen  
  30  3:28  Overlord x3  
  30  3:36  Hatchery  
  29  4:01  Hatchery, Roach Warren  
  27  4:21  Drone  
  27  4:22  Drone x2  
  30  4:30  Extractor, Lair  
  29  4:41  Drone x3  
  32  4:45  Evolution Chamber  
  32  4:46  Metabolic Boost  
  31  4:56  Baneling Nest  
  31  4:58  Drone x2  
  31  4:59  Drone  
  33  5:04  Drone  
  33  5:05  Drone x2  
  36  5:14  Queen  
  36  5:17  Drone  
  36  5:18  Drone x3  
  42  5:32  Drone x3  
  45  5:43  Zerg Ground Armor Level 1  
  45  5:44  Drone  
  45  5:45  Drone  
  47  5:50  Queen  
  49  6:02  Drone x4  
  49  6:03  Drone x3  
  56  6:24  Hydralisk Den  
  55  6:31  Drone x2  
  57  6:34  Evolution Chamber  
  57  6:36  Drone x3  
  57  6:38  Drone  
  60  6:40  Drone  
  61  6:48  Extractor  
  60  6:59  Extractor  
  59  7:09  Overlord x2  
  59  7:10  Overlord  
  54  7:22  Hydralisk  
  54  7:23  Hydralisk x2  
  54  7:28  Overlord  
  54  7:29  Overlord  
  55  7:38  Roach x2  
  55  7:39  Roach  
Tags
 
Add a new tag
Caveats
  • Supply blocks, unpowered buildings, or Contaminate may cause inaccurate times.
  • Supply counts are checked every 10 seconds.